 Dungeon Crawl Stone Soup version 0.30-a0-718-geaa24f58ff (webtiles) character file.

Game seed: 1996737970753980411

32 zinnoa the Cudgeller (level 3, -1/49 HPs)
             Began as an Armataur Berserker on Jan 26, 2023.
             Was a Follower of Trog.
             Succumbed to Sigmund's poison
             ... on level 2 of the Dungeon.
             The game lasted 00:04:28 (672 turns).

zinnoa the Cudgeller (Armataur Berserker)            Turns: 672, Time: 00:04:29

Health: -1/49      AC:  7    Str: 24    XL:     3   Next: 10%
Magic:  3/3        EV:  6    Int:  7    God:    Trog [*.....]
Gold:   7          SH:  0    Dex:  9    Spells: 2/2 levels left

rFire   . . .      SeeInvis .    g - +0 dagger (drain)
rCold   . . .      Faith    .    (no shield)
rNeg    . . .      Spirit   .    i - +0 chain mail
rPois   .          Reflect  .    (no helmet)
rElec   .          Harm     .    (no cloak)
rCorr   .          Roll     +    (no gloves)
Will    .....                    (no barding) Stlth
                                 (no amulet)
HPRegen 0.28/turn                (no ring)
MPRegen 0.08/turn                (no ring)

@: confused, berserking (expiring), lethally poisoned (-1 -> -12), very quick
A: large, rugged brown scales 3, deformed body, armoured tail, roll, long
tongue, awkward tongue
a: Renounce Religion, Berserk


You were on level 2 of the Dungeon.
You worshipped Trog.
Trog was aware of your devotion.
You visited 1 branch of the dungeon, and saw 2 of its levels.

You collected 7 gold pieces.

Inventory:

Hand Weapons
 a - a +0 mace
 c - a +0 flail
 g - a +0 dagger of draining (weapon)
Armour
 b - a +0 animal skin
 i - a +0 chain mail (worn)
Scrolls
 f - a scroll of immolation {unknown}
 j - a scroll of identify {unknown}
Potions
 d - 2 potions of might {unknown}
 e - a potion of invisibility {unknown}
 h - a potion of mutation {unknown}
 k - a potion of attraction {unknown}
 l - a potion of haste {unknown}


   Skills:
 + Level 3.1 Fighting
 + Level 3.2 Maces & Flails
 + Level 2.6 Armour
 + Level 1.6 Dodging


You had 2 spell levels left.
You didn't know any spells.
Your spell library was empty.

Dungeon Overview and Level Annotations

Branches:
Dungeon (2/15)

Altars:

Annotations:
D:2 Sigmund


Innate Abilities, Weirdness & Mutations

You are completely covered in rugged brown scales. (AC +3, +7% HP)
Armour fits poorly on your strangely shaped body.
You have a long armoured tail.
You roll when moving toward enemies. (Rampage)
Your long tongue fully drains potion bottles. (2x potion effects)
Your tongue gives you trouble enunciating. (1.5x scroll delay)


Message History

The puff of flame hits you!
A red film seems to cover your vision as you go berserk!
You feel yourself moving faster!
You feel mighty!
Sigmund points at you and mumbles some strange words.
You are confused.
You are too confused!
You feel a strong urge to attack something.
You barely miss Sigmund.
Sigmund hits you with a +2 scythe of venom!
You are poisoned.
You are too confused!
You are too confused!
You bump into the rock wall.
You feel very sick.
You closely miss Sigmund.
You feel very sick.
Sigmund hits you with a +2 scythe of venom.
You are lethally poisoned!
You bump into the rock wall.
You feel very sick.
You miss Sigmund.
* * * LOW HITPOINT WARNING * * *
You feel very sick.
Sigmund points at you and mumbles some strange words.
You are more confused.
You're too confused to move!
* * * LOW HITPOINT WARNING * * *
You feel very sick.
You feel a strong urge to attack something.
* * * LOW HITPOINT WARNING * * *
You feel very sick.
Sigmund screams, "Only death can liberate you!"
Sigmund barely misses you.
* * * LOW HITPOINT WARNING * * *
You feel sick.
You bump into the rock wall.
You feel your anger nearly subside.
* * * LOW HITPOINT WARNING * * *
You feel sick. Sigmund barely misses you.
You die...

## . #..
.. #.# ..
###.# .#
#...# ..
#...####.#
#...#@.@.#
#.....####
#...###
#...#
#...#
#.<.#
#..†#
#...#
#####


You could see Sigmund.

Vanquished Creatures
  A gnoll (D:1)
  2 endoplasms (D:1)
  A giant cockroach (D:1)
  A hobgoblin (D:1)
  A quokka (D:1)
  4 ball pythons
  6 bats (D:1)
  A frilled lizard (D:1)
  2 goblins (D:1)
  2 kobolds (D:1)
  2 rats (D:1)
23 creatures vanquished.

Notes
Turn   | Place    | Note
-------+----------+-------------------------------------------
     0 | D:1      | zinnoa the Armataur Berserker began the quest for the Orb.
     0 | D:1      | Reached XP level 1. HP: 19/19 MP: 1/1
    28 | D:1      | Reached XP level 2. HP: 21/26 MP: 2/2
   535 | D:1      | Reached XP level 3. HP: 31/33 MP: 3/3
   658 | D:2      | Noticed Sigmund
   671 | D:2      | HP: 1/49 [poisoned by Sigmund]
   672 | D:2      | Succumbed to Sigmund's poison

Illustrated notes

Levels and vault maps discovered:
D:1:      dpeg_arrival_pits, layout_loops_ring, nicolae_grassy_gnolls
D:2:      layout_rooms, basic_altar, nrook_loot_triangle, uniq_sigmund

Skill      XL: |  1  2 |
---------------+-------+-----
Maces & Flails | 3 |  3.2
Fighting       | 3 |  3.1
Armour         | |  2.6
Dodging        | |  1.6

Action                     || total
---------------------------++-------
  Melee: Mace              ||    38
         Tailslap          ||     7
         Dagger            ||    42
 Invoke: Berserk           ||     1
 Armour: Animal skin       ||    23
         Chain mail        ||    21
         Skin              ||     3
  Dodge: Dodged            ||    29

Table legend: (Time is in decaauts)
 A = Elapsed time spent in this place.
 B = Non-inter-level travel time spent in this place.
 C = Inter-level travel time spent in this place.
 D = Time resting spent in this place.
 E = Time spent auto-exploring this place.
 F = Levels seen in this place.
 G = Mean time per level.
                   A        B        C        D        E       F      G
               +--------+--------+--------+--------+--------+-----+--------+
         Total |    676 |    658 |     18 |     57 |    421 |   2 |  338.0 |
       Dungeon |    676 |    658 |     18 |     57 |    421 |   2 |  338.0 |
               +--------+--------+--------+--------+--------+-----+--------+

Top non-repeatable levels by time:
     D:1: 657 daAuts
     D:2: 18 daAuts
